 Dungeon Crawl Stone Soup version 0.32-a0-746-g1ee7915 (webtiles) character file.

Game seed: 2314421697580935412

765 december12 the Fighter (level 7, 0/63 HPs)
             Began as a Coglin Hunter on Mar 17, 2024.
             Slain by Jeremiah the hornet (11 damage)
             ... on level 7 of the Dungeon.
             The game lasted 00:04:14 (3531 turns).

december12 the Fighter (Coglin Hunter)              Turns: 3531, Time: 00:04:14

Health: 0/63       AC:  6    Str: 11    XL:     7   Next: 81%
Magic:  7/7        EV: 11    Int:  9    God:
Gold:   90         SH:  0    Dex: 19    Spells: 6/6 levels left

rFire   . . .        a - +2 sling {Ning}
rCold   . . .        d - +0 sling {Aula}
rNeg    . . .        c - +0 leather armour
rPois   .            e - +0 helmet
rElec   .            i - +0 cloak
rCorr   .            (no gloves)
SInv    .            j - +0 pair of boots
Will    .....        (amulet unavailable)
Stlth   ++           (ring unavailable)
HPRegen 0.30/turn    (ring unavailable)
MPRegen 0.10/turn    (no gizmo)

%: no passive effects
@: lethally poisoned (0 -> -16), slowed, revving, very slow
A: off-hand wielding, slow wielding, warmup strikes, no jewellery
a: Invent Gizmo


You were on level 7 of the Dungeon.
You visited 2 branches of the dungeon, and saw 8 of its levels.

You collected 90 gold pieces.

Inventory:

Hand Weapons
 a - a +2 sling (weapon) {Ning}
 d - a +0 sling (offhand) {Aula}
Missiles
 r - 6 poisoned darts
Armour
 c - a +0 leather armour (worn)
 e - a +0 helmet (worn)
 i - a +0 cloak (worn)
 j - a +0 pair of boots (worn)
Wands
 q - a wand of charming (13)
 t - a wand of polymorph (1)
Scrolls
 f - 4 scrolls of teleportation {unknown}
 h - 2 scrolls of noise {unknown}
 l - 8 scrolls of identify {unknown}
 n - a scroll of revelation {unknown}
 p - 3 scrolls of silence {unknown}
 s - a scroll of blinking {unknown}
 u - a scroll of vulnerability {unknown}
Potions
 g - 2 potions of heal wounds
 k - a potion of enlightenment {unknown}
 m - 2 potions of brilliance {unknown}
 o - 2 potions of degeneration {unknown}
 v - 2 potions of attraction {unknown}


   Skills:
 + Level 8.7 Fighting
 - Level 3.6 Ranged Weapons
 - Level 1.7 Dodging
 - Level 0.7 Stealth


You had 6 spell levels left.
You didn't know any spells.
Your spell library contained the following spells:

 Spells                   Type           Power      Damage    Failure   Level
 Ensorcelled Hibernation  Hex/Ice        0%         N/A       63%         2
 Mercury Vapours          Alch/Air       0%         N/A       63%         2
 Fugue of the Fallen      Necr           0%         N/A       85%         3
 Mephitic Cloud           Conj/Alch/Air  0%         N/A       85%         3
 Anguish                  Hex/Necr       0%         N/A       99%         4
 Freezing Cloud           Conj/Ice/Air   0%         6-21      100%        5


Dungeon Overview and Level Annotations

Branches:
Dungeon (7/15)             Temple (1/1) D:4

Altars:
Ashenzari
Dithmenos
Elyvilon
Fedhas
Gozag
Hepliaklqana
Kikubaaqudgha
Nemelex Xobeh
Okawaru
Qazlal
Ru
Sif Muna
Uskayaw
Vehumet
Wu Jian
Xom
Yredelemnul
Zin
The Shining One

Shops:
D:3 =

Annotations:
D:7 Jeremiah


Innate Abilities, Weirdness & Mutations

You can wield a second weapon in your off-hand.
It takes a long time for you to wield or remove held weapons.
Your first few attacks do less damage.
You cannot equip rings or amulets.


Message History

The butterfly disappears in a burst of colours!
You shoot a sling bullet. The sling bullet hits Jeremiah.
Jeremiah is lightly wounded.
You shoot a sling bullet. The sling bullet misses Jeremiah.
Jeremiah barely misses you. Jeremiah stings you!
You are poisoned.
You feel yourself slow down.
You shoot a sling bullet. The sling bullet hits Jeremiah.
Jeremiah is lightly wounded.
You shoot a sling bullet. The sling bullet misses Jeremiah.
You feel very sick.
The butterfly disappears in a burst of colours!
Jeremiah barely misses you. Jeremiah stings you.
You feel as though you will be slow longer.
Jeremiah stings you!
You are more poisoned.
You feel as though you will be slow longer.
You are too injured to fight recklessly!
You are too injured to fight recklessly!
You are too injured to fight recklessly!
Unknown command.
Okay, then.
Unknown command.
Aiming: Charm
Press: ? - help, Shift-Dir - straight line, f/p - Jeremiah
Aim: Jeremiah the hornet (lightly wounded, chance to affect: 39%) Jeremiah resists with some effort.
You feel very sick. Jeremiah stings you!
* * * LOW HITPOINT WARNING * * *
You are more poisoned.
You feel as though you will be slow longer.
Jeremiah closely misses you.
It was a potion of heal wounds.
You feel much better.
You feel extremely sick. Jeremiah stings you!
* * * LOW HITPOINT WARNING * * *
You feel as though you will be slow longer.
Jeremiah stings you!
You die...

.............†.#
..........#..).##
..........#.....#
#.........#.....#
................+
................#
...............##
............y##
........@#
.........''.....
........##.....
........# ....
.#+###### ... ..
.


You could see Jeremiah the hornet.

Vanquished Creatures
  A water moccasin (D:4)
  2 scorpions
  Dowan (D:4)
  A bombardier beetle (D:7)
  2 hounds
  A jelly (D:4)
  A sleepcap (D:4)
  Natasha (thrice) (D:2)
  An iguana (D:6)
  2 orc wizards
  6 adders
  3 gnolls (D:3)
  A white imp (D:5)
  3 ribbon worms
  8 orcs
  5 bats
  8 endoplasms
  4 giant cockroaches
  9 hobgoblins
  8 jackals
  8 kobolds
  3 quokkas
  7 ball pythons
  4 frilled lizards
  10 goblins
  3 rats
105 creatures vanquished.

Notes
Turn   | Place    | Note
-------+----------+-------------------------------------------
     0 | D:1      | december12 the Coglin Hunter began the quest for the Orb.
     0 | D:1      | Reached XP level 1. HP: 16/16 MP: 1/1
    66 | D:1      | Reached XP level 2. HP: 23/23 MP: 2/2
   120 | D:1      | Reached skill level 3 in Fighting
   499 | D:1      | Reached XP level 3. HP: 29/29 MP: 3/3
   805 | D:2      | Reached skill level 4 in Fighting
   869 | D:2      | Noticed Natasha
   875 | D:2      | Killed Natasha
   876 | D:2      | Reached XP level 4. HP: 22/38 MP: 4/4
  1020 | D:2      | Noticed Natasha
  1028 | D:2      | Killed Natasha
  1124 | D:2      | Noticed Natasha
  1136 | D:2      | Killed Natasha
  1137 | D:2      | Reached skill level 5 in Fighting
  1137 | D:2      | Reached XP level 5. HP: 44/44 MP: 5/5
  1160 | D:3      | Found an ornate altar of the Wu Jian Council.
  1245 | D:3      | Found Zilurch's Jewellery Emporium.
  1840 | D:4      | Reached skill level 6 in Fighting
  1840 | D:4      | Reached XP level 6. HP: 52/52 MP: 6/6
  2162 | D:4      | Noticed Duvessa
  2166 | D:4      | Noticed Dowan
  2174 | D:4      | Duvessa changed into Duvessa the ribbon worm
  2174 | D:4      | Noticed Duvessa
  2178 | D:4      | Killed Duvessa the ribbon worm
  2191 | D:4      | Killed Dowan
  2192 | D:4      | Reached skill level 7 in Fighting
  2335 | D:4      | Found a staircase to the Ecumenical Temple.
  2492 | Temple   | Entered the Ecumenical Temple
  2645 | D:4      | Noticed a water moccasin
  2656 | D:4      | Killed a water moccasin
  2657 | D:4      | Reached XP level 7. HP: 31/61 MP: 7/7
  2902 | D:5      | Entered Level 5 of the Dungeon
  2976 | D:5      | Reached skill level 8 in Fighting
  3510 | D:7      | Noticed Jeremiah
  3524 | D:7      | Jeremiah changed into Jeremiah the hornet
  3524 | D:7      | Noticed Jeremiah
  3531 | D:7      | Slain by Jeremiah the hornet

Illustrated notes

Levels and vault maps discovered:
D:1:      nzn_arrival_water_spiral, layout_basic
D:2:      layout_rooms, uniq_natasha
D:3:      layout_basic, mainiacjoe_overflow_alcove_4, serial_shops, shop,
          minmay_misc_feat_iff
D:4:      layout_basic, minmay_temple_entry_junction, uniq_duvessa
D:5:      layout_gridville
D:6:      layout_basic, lightli_temple_of_fire, mainiacjoe_overflow_tiny_flanked
D:7:      layout_basic, cheibriados_altar_1, uniq_menkaure, uniq_maggie,
          uniq_jeremiah
Temple:   mainiacjoe_temple_coin_purse

Skill      XL: |  1  2  3  4  5  6  7 |
---------------+----------------------+-----
Fighting       | 3 4 5 6 7 8 |  8.7
Ranged Weapons | |  3.6
Dodging        | |  1.7
Stealth        | |  0.7

Action                     |  1- 3 |  4- 6 |  7- 9 || total
---------------------------+-------+-------+-------++-------
  Melee: Sling             |       |       |     2 ||     2
   Fire: Sling             |   144 |   276 |   158 ||   578
  Evoke: Wand              |       |     5 |     5 ||    10
    Use: Scroll            |       |       |     1 ||     1
         Potion            |       |       |     1 ||     1
 Armour: Leather armour    |     9 |    36 |    28 ||    73
  Dodge: Dodged            |    11 |    29 |    23 ||    63

Table legend: (Time is in decaauts)
 A = Elapsed time spent in this place.
 B = Non-inter-level travel time spent in this place.
 C = Inter-level travel time spent in this place.
 D = Time resting spent in this place.
 E = Time spent auto-exploring this place.
 F = Levels seen in this place.
 G = Mean time per level.
                   A        B        C        D        E       F      G
               +--------+--------+--------+--------+--------+-----+--------+
         Total |   3609 |   3451 |    158 |    566 |   2282 |   8 |  451.1 |
       Dungeon |   3607 |   3450 |    157 |    566 |   2282 |   7 |  515.3 |
        Temple |      1 |      1 |      0 |      0 |      0 |   1 |    1.0 |
               +--------+--------+--------+--------+--------+-----+--------+

Top non-repeatable levels by time:
     D:4: 1152 daAuts
     D:1: 661 daAuts
     D:3: 623 daAuts
     D:2: 522 daAuts
     D:5: 481 daAuts
     D:7: 121 daAuts
     D:6: 45 daAuts
  Temple: 1 daAuts
